 Dungeon Crawl Stone Soup version 0.18-a0-1378-g7babcad (webtiles) character file.

23 Oddball22 the Grave Robber (level 2, -1/19 HPs)
             Began as a Vampire Necromancer on Feb 22, 2016.
             Slain by a quokka (2 damage)
             ... on level 2 of the Dungeon.
             The game lasted 00:04:28 (1250 turns).

Oddball22 the Grave Robber (Vampire Necromancer)    Turns: 1250, Time: 00:04:28

Health: -1/19      AC:  2    Str:  7    XL:     2   Next: 75%
Magic:  0/5        EV: 13    Int: 17    God:
Gold:   60         SH:  0    Dex: 14    Spells: 2 memorised, 3 levels left

rFire  . . .     SeeInvis +     d - +0 short sword
rCold  . . .     Gourm    .     a - +0 robe
rNeg   + . .     Faith    .     (no shield)
rPois  .         Spirit   .     (no helmet)
rElec  .         Dismiss  .     (no cloak)
rCorr  .         Reflect  .     (no gloves)
SustAt .         Harm     .     (no boots)
MR     .....                    (no amulet)
Stlth  +++.......               (no ring)
                                (no ring)

@: not resistant to hostile enchantments, fairly stealthy
A: fangs 3, see invisible, unbreathing
a: no special abilities


You were on level 2 of the Dungeon.
You were not thirsty.

You visited 1 branch of the dungeon, and saw 2 of its levels.

You collected 60 gold pieces.

Inventory:

Hand Weapons
 d - a +0 short sword (weapon)
Armour
 a - a +0 robe (worn)
Scrolls
 e - a scroll of identify
 g - a scroll of teleportation {unknown}
 i - a scroll of remove curse {unknown}
 j - a scroll of blinking {unknown}
 k - a scroll of immolation
Potions
 c - 8 potions of blood
 f - a potion of haste {unknown}
 h - 2 potions of heal wounds {unknown}
Books
 b - a book of Necromancy

   Spells                             Type                      Level
   a - Pain                           Necromancy                   1
   b - Animate Skeleton               Necromancy                   1
   c - Vampiric Draining              Necromancy                   3
   d - Regeneration                   Charms/Necromancy            3
   e - Animate Dead                   Necromancy                   4
   f - Control Undead                 Necromancy                   4


   Skills:
 + Level 2.5 Dodging
 * Level 3.7 Stealth
 + Level 2.3 Spellcasting
 + Level 4.6 Necromancy


You had 3 spell levels left.
You knew the following spells:

 Your Spells              Type           Power        Failure   Level  Hunger
a - Pain                  Necr           ###.         2%          1    #......
b - Animate Skeleton      Necr           N/A          2%          1    #......


Dungeon Overview and Level Annotations

Branches:
Dungeon (2/15)

Altars:
Trog


Innate Abilities, Weirdness & Mutations

You have razor-sharp teeth.
You have supernaturally acute eyesight.
You can survive without breathing.


Message History

The goblin shoots a stone.
The stone misses you.
You see here a stone.
You see here a club.
You see here 17 stones.
Casting: Pain
Confirm with . or Enter, or press ? or * to list all spells.
Aiming: Pain
Press: ? - help, Shift-Dir - straight line, f - quokka, p - goblin
Aim: a quokka (chance to defeat MR: 93%)
The quokka barely resists.
The goblin shoots a stone.
The stone hits you.
* * * LOW HITPOINT WARNING * * *
You see here a stone.
Casting: Pain
Confirm with . or Enter, or press ? or * to list all spells.
Aiming: Pain
Press: ? - help, Shift-Dir - straight line, f/p - quokka
Aim: a quokka (chance to defeat MR: 93%)
The quokka convulses in agony!
The quokka bites you.
You die...

##.... #.. ###########..... ...
#........##..... ##.##
#.#####...#..... #...# #.#
##.....#.... #...#
#.###........... #...#
##.##..<......###
#...#######.............###
#....(...r@...#.#.....#....
#######)...##.###....>.#.......##
((.)..(.......# ###....##......##
(.....g.......# #............##
........g.....# #....###.....##
.######.#..##.#####....# #.....#
.# ##.###...........### #######
.# #.## ##.######...# .#
##.###.## #.###


You could see a quokka.

Vanquished Creatures
  A ball python (D:2)
  2 giant cockroaches (D:1)
  2 goblins (D:2)
  4 hobgoblins
  A quokka (D:2)
  A bat (D:1)
  2 kobolds
  11 rats
24 creatures vanquished.

Notes
Turn   | Place    | Note
--------------------------------------------------------------
     0 | D:1      | Oddball22 the Vampire Necromancer began the quest for the Orb.
     0 | D:1      | Reached XP level 1. HP: 13/13 MP: 3/3
   570 | D:1      | Reached XP level 2. HP: 19/19 MP: 3/5
   913 | D:2      | Learned a level 1 spell: Animate Skeleton
   956 | D:2      | Noticed a moth of wrath
   958 | D:2      | Found a bloodstained altar of Trog.
  1250 | D:2      | Slain by a quokka

Vault maps used:
D:1:      zaba_arrival_water
D:2:      tgw_trog, first_bread

Action                   || total
-------------------------++-------
Melee: Short sword       ||    12
 Cast: Pain              ||    36
  Use: Scroll            ||     2
       Potion            ||     1
 Stab: Sleeping          ||     1
